 Dungeon Crawl Stone Soup version 0.27.1 (webtiles) character file.

Game seed: 8615628638185327820

1431 Marmelada69 the Cudgeller (level 8, -4/52 HPs)
             Began as a Gargoyle Fighter on Aug 31, 2021.
             Was an Initiate of Gozag.
             Killed from afar by an orc wizard (6 damage)
             ... with a magic dart
             ... on level 5 of the Dungeon.
             The game lasted 00:10:43 (7829 turns).

Marmelada69 the Cudgeller (Gargoyle Fighter)        Turns: 7829, Time: 00:10:43

Health: -4/52      AC: 13    Str: 23    XL:     8   Next: 73%
Magic:  8/8        EV:  8    Int:  8    God:    Gozag
Gold:   198        SH:  0    Dex:  9    Spells: 7/7 levels left

rFire    . . .     SeeInvis .   a - +0 flail
rCold    . . .     Faith    .   c - +0 kite shield
rNeg     + . .     Spirit   .   b - +0 scale mail
rPois    ∞         Reflect  .   (no helmet)
rElec    +         Harm     .   (no cloak)
rCorr    .         Rampage  .   t - +0 pair of gloves
Will     .....                  (no boots)
Stlth    ..........             (no amulet)
HPRegen  0.17/turn              (no ring)
MPRegen  0.11/turn              (no ring)

@: confused, on berserk cooldown, slowed, very slow
A: sickness immunity, AC +5, negative energy resistance 1, electricity
resistance, torment resistance 1, petrification resistance
a: Renounce Religion, Potion Petition, Call Merchant, Bribe Branch


You were on level 5 of the Dungeon.
You worshipped Gozag.
Gozag was aware of your devotion.
You visited 2 branches of the dungeon, and saw 7 of its levels.

You collected 240 gold pieces.
You paid 42 gold pieces to Gozag.

Inventory:

Hand Weapons
 a - a +0 flail (weapon)
Missiles
 h - 234 stones (quivered)
 r - 8 poisoned darts
Armour
 b - a +0 scale mail (worn)
 c - a +0 kite shield (worn)
 t - a +0 pair of gloves (worn)
Wands
 g - a wand of flame (3)
Scrolls
 e - a scroll of teleportation {unknown}
 f - 7 scrolls of identify {unknown}
 k - a scroll of acquirement {unknown}
 l - a scroll of magic mapping {unknown}
 o - 2 scrolls of enchant armour {unknown}
 p - 2 scrolls of enchant weapon {unknown}
 q - 3 scrolls of amnesia {unknown}
 s - a scroll of vulnerability {unknown}
Potions
 d - a potion of might
 m - a potion of flight
 n - 2 potions of degeneration {unknown}


   Skills:
 + Level 6.5 Fighting
 * Level 7.7 Maces & Flails
 - Level 3.2 Armour
 + Level 6.6 Shields


You had 7 spell levels left.
You didn't know any spells.
Your spell library contained the following spells:

 Spells                   Type           Power      Damage    Failure   Level
 Dazzling Flash           Conj/Hex       0%         N/A       100%        3
 Iskenderun's Mystic Bla  Conj/Tloc      0%         2d3       100%        4
 Starburst                Conj/Fire      0%         6d3       100%        6


Dungeon Overview and Level Annotations

Branches:
Dungeon (6/15)             Temple (1/1) D:4

Altars:
Cheibriados
Fedhas
Gozag
Hepliaklqana
Kikubaaqudgha
Makhleb
Okawaru
Ru
Zin

Annotations:
D:5 Dowan, Duvessa
D:6 Prince Ribbit


Innate Abilities, Weirdness & Mutations

You are immune to sickness and miasma.
Your stone body is resilient. (AC +5)
You are immune to poison.
You resist negative energy. (rN+)
You are resistant to electric shocks. (rElec)
You are resistant to unholy torment.
You are immune to petrification.


Message History

You miss something.
Something hits you but does no damage. x2
Aiming: Throw Flame
Press: ? - help, Shift-Dir - straight line The puff of flame hits something.
You block something's attack.
Unknown command.
You barely miss something. You block something's attack. Something hits you.
* * * LOW HITPOINT WARNING * * *
You barely miss something. Something hits you.
* * * LOW HITPOINT WARNING * * *
You hear some strange, mumbled words.
You are confused.
You closely miss something. Something hits you.
* * * LOW HITPOINT WARNING * * *
It was a potion of berserk rage.
A red film seems to cover your vision as you go berserk!
You feel yourself moving faster!
You feel mighty!
You hear some strange, mumbled words.
Something tries to affect you, but you resist.
You barely miss something.
You hear some strange, mumbled words.
A puff of flame appears from out of thin air!
The puff of flame misses you.
You miss something.
You hear some strange, mumbled words.
You are more confused.
You completely miss something. Something hits you but does no damage.
You bump into the rock wall.
Something hits you but does no damage.
You feel a strong urge to attack something.
You are no longer berserk.
You are exhausted.
You feel yourself slow down.
A magic dart appears from out of thin air!
The magic dart hits you.
* * * LOW HITPOINT WARNING * * *
Something hits you but does no damage.
You hear some strange, mumbled words.
A magic dart appears from out of thin air!
The magic dart hits you.
You die...
Your body crumbles into a pile of gold.

#...##.#.#.#.########
######.#.#.#.....##.. ###
#.#.#.#........# ..#
#.#...#........#
..################.#####........#
..'...........(....# #........#
..#########################.....#
...................).............
###...>.........@{$>.............
#.#######################....##
#................# #....#.
#.....##########.# #....#.
#.....# #....).#.# ######.
#.....# #.#.))...# #. #.....#
#.#.#.##.# #. #.....# #.#.#....#
#. #.....# #.#.####.# ##


There were no monsters in sight!

Vanquished Creatures
  Maggie (D:6)
  Menkaure (D:6)
  A water moccasin (D:6)
  2 necrophages (D:4)
  2 centaurs
  A phantom (D:6)
  A water moccasin zombie (D:5)
  2 hounds (D:5)
  A jelly (D:5)
  4 orc priests
  2 iguanas (D:3)
  5 orc wizards
  A howler monkey skeleton (D:5)
  4 adders
  A white imp (D:6)
  An ufetubus (D:5)
  An adder skeleton (D:4)
  7 orcs
  10 bats
  5 endoplasms
  3 giant cockroaches
  A goblin (D:2)
  6 hobgoblins
  2 quokkas (D:1)
  7 ball pythons
  2 frilled lizards (D:3)
  7 kobolds
  6 rats
87 creatures vanquished.

Vanquished Creatures (others)
  An orc priest (D:5)
  An orc (D:5)
  7 fungi (D:6)
  5 plants (D:4)
14 creatures vanquished.

Grand Total: 101 creatures vanquished

Notes
Turn   | Place    | Note
-------+----------+-------------------------------------------
     0 | D:1      | Marmelada69 the Gargoyle Fighter began the quest for the
                  | Orb.
     0 | D:1      | Reached XP level 1. HP: 14/14 MP: 1/1
   299 | D:1      | Reached XP level 2. HP: 19/19 MP: 2/2
  1105 | D:2      | Reached XP level 3. HP: 23/23 MP: 3/3
  1199 | D:2      | Found a faded altar of an unknown god.
  1295 | D:2      | Reached skill level 3 in Maces & Flails
  2247 | D:3      | Reached XP level 4. HP: 27/29 MP: 4/4
  2986 | D:4      | Noticed a necrophage
  3092 | D:4      | Noticed a necrophage
  3219 | D:4      | Noticed a centaur
  3236 | D:4      | Killed a centaur
  3237 | D:4      | Reached skill level 4 in Maces & Flails
  3237 | D:4      | Reached XP level 5. HP: 20/33 MP: 5/5
  4296 | D:5      | Entered Level 5 of the Dungeon
  4318 | D:4      | Reached XP level 6. HP: 37/39 MP: 6/6
  4591 | D:5      | Reached skill level 5 in Maces & Flails
  4878 | D:5      | Reached skill level 5 in Shields
  4997 | D:5      | Reached skill level 5 in Fighting
  4997 | D:5      | Reached XP level 7. HP: 26/44 MP: 7/7
  5422 | D:5      | Noticed Duvessa
  5422 | D:5      | Noticed Dowan
  5773 | D:4      | Found a staircase to the Ecumenical Temple.
  5791 | Temple   | Entered the Ecumenical Temple
  5799 | Temple   | Became a worshipper of Gozag Ym Sagoz the Greedy
  5834 | D:4      | Reached skill level 6 in Maces & Flails
  6826 | D:6      | Noticed Prince Ribbit
  6930 | D:6      | Reached XP level 8. HP: 43/51 MP: 8/8
  7021 | D:6      | Noticed Menkaure
  7025 | D:6      | Killed Menkaure
  7113 | D:6      | Noticed Maggie
  7130 | D:6      | Killed Maggie
  7131 | D:6      | Reached skill level 7 in Maces & Flails
  7828 | D:5      | HP: 2/52 [something/magic dart (3)]
  7829 | D:5      | Killed from afar by an orc wizard

Illustrated notes

Levels and vault maps discovered:
D:1:      evilmike_arrival_hilbert_curve, layout_rooms
D:2:      layout_basic, ebering_ecumenical_altar_ruins, roderic_serpentine_path
D:3:      layout_loops_ring, kennysheep_generic_room_11
D:4:      layout_cave_pools, minmay_temple_entry_gardened_gates
D:5:      layout_basic, minmay_misc_feat_pillars, uniq_duvessa
D:6:      layout_basic, mainiacjoe_overflow_boulevard, uniq_maggie,
          uniq_menkaure, uniq_prince_ribbit1
Temple:   eino_narrow_crystal_temple

Skill      XL: |  1  2  3  4  5  6  7  8 |
---------------+-------------------------+-----
Maces & Flails | 3 4 5 6 7 |  7.7
Shields        | 4 5 6 |  6.6
Fighting       | 4 5 6 |  6.5
Armour         | |  3.2

Action                   |  1- 3 |  4- 6 |  7- 9 || total
-------------------------+-------+-------+-------++-------
Melee: Flail             |   122 |   175 |   125 ||   422
Evoke: Wand              |       |       |     8 ||     8
  Use: Potion            |       |     6 |     4 ||    10
 Stab: Invisible         |       |     2 |       ||     2
Armor: Scale mail        |   115 |   129 |    76 ||   320
       Skin              |       |    35 |       ||    35
Dodge: Dodged            |    68 |    88 |    19 ||   175
Block: Kite shield       |    97 |   117 |    53 ||   267
